 Dungeon Crawl Stone Soup version 0.21-a0-630-g344d351 (webtiles) character file.

35 tidbits the Insei (level 3, 9/28 HPs)
             Began as a Gnoll Transmuter on Dec 26, 2017.
             Was a Follower of Jiyva.
             Quit the game on level 2 of the Dungeon.
             The game lasted 00:03:41 (414 turns).

tidbits the Insei (Gnoll Transmuter)                 Turns: 414, Time: 00:03:42

Health: 9/28       AC:  3    Str: 12    XL:     3   Next: 33%
Magic:  7/9        EV: 11    Int: 16    God:    Jiyva [*.....]
Gold:   68         SH:  3    Dex: 15    Spells: 6/12 levels left

rFire    . . .     SeeInvis .     - Unarmed
rCold    . . .     Gourm    .   (no shield)
rNeg     . . .     Faith    .   B - +0 robe
rPois    .         Spirit   .   (no helmet)
rElec    .         Reflect  +   C - +0 cloak
rCorr    .         Harm     .   (no gloves)
MR       .....                  (no boots)
Stlth    ++........             p - +3 amulet of reflection
HPRegen  0.09/turn              (no ring)
MPRegen  0.11/turn              (no ring)

@: constricted
A: distributed training, fangs 1, strong nose
a: Request Jelly, Renounce Religion


You were on level 2 of the Dungeon.
You worshipped Jiyva.
Jiyva was aware of your devotion.
You were not hungry.

You visited 1 branch of the dungeon, and saw 2 of its levels.

You collected 68 gold pieces.

Inventory:

Hand Weapons
 b - a +2 dagger of pain
   (You found it on level 1 of the Dungeon)
Missiles
 e - 55 arrows
 j - 42 stones (quivered)
 n - 9 poisoned needles
Armour
 h - a +0 ring mail
 B - a +0 robe (worn)
 C - a +0 cloak (worn)
Jewellery
 p - a +3 amulet of reflection (around neck)
   (You found it on level 1 of the Dungeon)
Scrolls
 i - a scroll of teleportation
 k - 2 scrolls of remove curse {unknown}
 l - a scroll of amnesia {unknown}
 m - a scroll of identify {unknown}
Potions
 g - 3 potions of curing {unknown}
 o - a potion of lignification {unknown}
 q - 2 potions of mutation {unknown}
Books
 c - a book of Changes

   Spells                             Type                      Level
   a - Beastly Appendage              Transmutation                1
   b - Sticks to Snakes               Transmutation                2
   c - Spider Form                    Transmutation/Poison         3
   d - Ice Form                       Ice/Transmutation            4
   e - Blade Hands                    Transmutation                5
Comestibles
 d - 2 rations


   Skills:
 + Level 2.6 Fighting
 + Level 0.7 Short Blades
 + Level 0.7 Long Blades
 + Level 0.7 Axes
 + Level 0.7 Maces & Flails
 + Level 0.7 Polearms
 + Level 0.7 Staves
 + Level 0.7 Slings
 + Level 0.7 Bows
 + Level 0.7 Crossbows
 + Level 0.7 Throwing
 + Level 0.7 Armour
 + Level 4.5 Dodging
 + Level 0.7 Stealth
 + Level 0.7 Shields
 + Level 6.5 Unarmed Combat
 + Level 5.0 Spellcasting
 + Level 0.5 Conjurations
 + Level 0.5 Hexes
 + Level 0.5 Charms
 + Level 0.5 Summonings
 + Level 0.5 Necromancy
 + Level 0.5 Translocations
 + Level 3.7 Transmutations
 + Level 0.5 Fire Magic
 + Level 0.5 Ice Magic
 + Level 0.5 Air Magic
 + Level 0.5 Earth Magic
 + Level 0.5 Poison Magic
 + Level 0.9 Invocations
 + Level 0.7 Evocations


You had 6 spell levels left.
You knew the following spells:

 Your Spells              Type           Power        Failure   Level  Hunger
e - Beastly Appendage     Tmut           ###...       3%          1    None
k - Sticks to Snakes      Tmut           ###.....     4%          2    #......
p - Spider Form           Tmut/Pois      ##........   19%         3    ###....


Dungeon Overview and Level Annotations

Branches:
Dungeon (2/15)

Altars:
Jiyva


Innate Abilities, Weirdness & Mutations

Your experience applies equally to all skills.
You have very sharp teeth.
Your uncanny sense of smell can sniff out nearby items.


Message History

Casting: Sticks to Snakes
Confirm with . or Enter, or press ? or * to list all spells.
You grow a pair of large bovine horns.
Wield which item (- for none, * to show all)? (? for menu, Esc to quit)
You are now empty-handed.
Casting: Beastly Appendage
Confirm with . or Enter, or press ? or * to list all spells.
You create a snake!
You now have 55 arrows.
A dart slug comes into view.
You closely miss the hobgoblin. The hobgoblin barely misses you.
Your ball python bites the hobgoblin but does no damage.
Your ball python grabs the hobgoblin.
Your ball python constricts the hobgoblin.
You hit the hobgoblin.
You kill the hobgoblin!
The dart slug launches a dart at you. The slug dart misses you.
Found a blackened filigree amulet.
Found a viscous cyan potion.
You see here a kobold corpse.
The dart slug bites you but does no damage.
You punch the dart slug! You headbutt the dart slug.
You kill the dart slug!
You see here a dart slug corpse.
You hit the hobgoblin but do no damage. The hobgoblin misses you.
You barely miss the hobgoblin. You headbutt the hobgoblin.
You kill the hobgoblin!
You now have 49 gold pieces (gained 17).
Your transformation is almost over.
You now have 60 gold pieces (gained 11).
You now have 68 gold pieces (gained 8).
o - a viscous cyan potion Your horns disappear.
p - a blackened filigree amulet Your ball python withers and dies!
q - 2 lumpy sapphire potions
Found 23 stones.
j - 42 stones (gained 23) Put on which piece of jewellery? (? for menu, Esc to quit)
p - a +3 amulet of reflection (around neck)
There is a stone staircase leading down here.
Wear which item? (? for menu, Esc to quit)
You start putting on your armour.
You continue putting on your cloak. x4
You finish putting on your +0 cloak.
Adjust (i)tems, (s)pells, or (a)bilities?
Adjust which item? (? for menu, Esc to quit)
f - a +0 cloak (worn)
Adjust to which letter? (? for menu, Esc to quit)
C - a +0 cloak (worn)
Adjust (i)tems, (s)pells, or (a)bilities?
Adjust which item? (? for menu, Esc to quit)
a - a +0 robe (worn)
Adjust to which letter? (? for menu, Esc to quit)
C - a +0 robe (worn);
a - a +0 cloak (worn)
Adjust (i)tems, (s)pells, or (a)bilities?
Adjust which item? (? for menu, Esc to quit)
a - a +0 cloak (worn)
Adjust to which letter? (? for menu, Esc to quit)
C - a +0 cloak (worn);
a - a +0 robe (worn)
Adjust (i)tems, (s)pells, or (a)bilities?
Adjust which item? (? for menu, Esc to quit)
a - a +0 robe (worn)
Adjust to which letter? (? for menu, Esc to quit)
B - a +0 robe (worn)
Memorise Spider Form, consuming 3 spell levels and leaving 6?
You start memorising the spell.
You continue memorising. x3
You finish memorising.
Spell assigned to 'p'.
As you read the scroll labeled ATOABB EMISEA, it crumbles to dust.
You feel strangely unstable.
It was a scroll of teleportation.
Okay, then.
You climb downwards.
A rat comes into view.
Your surroundings suddenly seem different.
Splash!
You fall into the shallow water.
Moving in this stuff is going to be slow.
The ball python barely misses you. You block the ball python's attack.
Found 19 sling bullets and 10 gold pieces.
Found a faded altar of an unknown god.
Found a stone staircase leading up.
A ball python and 2 rats come into view.
Why would you want to do that? Why would you want to do that?
Unknown command.
The ball python bites you.
* * * LOW HITPOINT WARNING * * *
The ball python misses you. You block the ball python's attack.
The ball python barely misses you. The ball python bites you.
* * * LOW HITPOINT WARNING * * *
The ball python barely misses you.
There is a faded altar of an unknown god here.
You cannot tell which god this altar belongs to.
Convert to them anyway?
Jiyva accepts your prayer! Jiyva welcomes you! Jiyva grants you a jelly!
You can now request a jelly.
The ball python completely misses you. The ball python grabs you.
The ball python constricts you. The ball python completely misses you.
* * * LOW HITPOINT WARNING * * *
The ball python constricts you.
Are you sure you want to abandon this character and quit the game? (Confirm with "yes".)

#.#####.####
#........<..... ∆
#.≈.....≈......
#.(≈≈.≈≈....≈..
#≈.≈≈≈≈≈≈≈≈≈...
#..≈≈≈≈≈≈≈≈≈≈≈.
..##.≈≈≈J≈≈≈≈≈≈...
.....≈≈≈≈.r≈≈≈≈.≈.
......r≈≈S@.≈≈≈..#
####..≈≈≈.♣≈≈≈≈≈.#
#.≈≈≈≈≈≈≈≈≈≈≈.#
#..≈≈≈≈≈≈≈≈≈≈..
#$≈≈≈≈≈≈≈≈≈≈≈.#
#≈..≈≈≈≈...≈≈≈.
#≈....≈..≈....#
##.#.##########


You could see a ball python, 2 rats and a neutral jelly (fellow slime).

Vanquished Creatures
  An ooze (D:1)
  2 dart slugs (D:1)
  2 leopard geckos (D:1)
  4 bats (D:1)
  A giant cockroach (D:1)
  3 goblins (D:1)
  3 hobgoblins (D:1)
  4 kobolds (D:1)
  A frilled lizard (D:1)
  A rat (D:1)
22 creatures vanquished.

Vanquished Creatures (collateral kills)
  A hobgoblin (D:1)
1 creature vanquished.

Grand Total: 23 creatures vanquished

Notes
Turn   | Place    | Note
-------+----------+-------------------------------------------
     0 | D:1      | tidbits the Gnoll Transmuter began the quest for the Orb.
     0 | D:1      | Reached XP level 1. HP: 17/17 MP: 6/6
    47 | D:1      | Reached XP level 2. HP: 5/23 MP: 5/7
    83 | D:1      | Learned a level 2 spell: Sticks to Snakes
   280 | D:1      | Reached XP level 3. HP: 13/28 MP: 2/9
   315 | D:1      | Reached skill level 5 in Spellcasting
   407 | D:1      | Learned a level 3 spell: Spider Form
   409 | D:2      | Found a faded altar of an unknown god.
   413 | D:2      | Became a worshipper of Jiyva Joroin the Shapeless
   413 | D:2      | Reached * piety under Jiyva
   414 | D:2      | Quit the game

Vault maps used:
D:1:      dpeg_arrival_arbitrary_b, minmay_pentomino_v4
D:2:      nicolae_gozag_zags_fifth_avenue, chequers_ecumenical_altar_island,
          first_ration

Skill      XL: |  1  2  3 |
---------------+----------+-----
Spellcasting   | 5 |  5.0
Fighting       | |  2.6
Short Blades   | |  0.7
Long Blades    | |  0.7
Axes           | |  0.7
Maces & Flails | |  0.7
Polearms       | |  0.7
Staves         | |  0.7
Slings         | |  0.7
Bows           | |  0.7
Crossbows      | |  0.7
Throwing       | |  0.7
Armour         | |  0.7
Dodging        | |  4.5
Stealth        | |  0.7
Shields        | |  0.7
Unarmed Combat | |  6.5
Conjurations   | |  0.5
Hexes          | |  0.5
Charms         | |  0.5
Summonings     | |  0.5
Necromancy     | |  0.5
Translocations | |  0.5
Transmutations | |  3.7
Fire Magic     | |  0.5
Ice Magic      | |  0.5
Air Magic      | |  0.5
Earth Magic    | |  0.5
Poison Magic   | |  0.5
Invocations    | |  0.9
Evocations     | |  0.7

Action                   || total
-------------------------++-------
Melee: Dagger            ||     9
       Unarmed           ||    37
       Kick              ||     6
       Bite              ||     3
       Headbutt          ||     2
       Punch             ||     1
 Cast: Beastly Appendage ||    11
       Sticks to Snakes  ||     6
  Use: Scroll            ||     1
Armor: Robe              ||     4
Dodge: Dodged            ||    28
Block: Other             ||     2

Table legend:
 A = Spawn XP
 B = Non-spawn XP
 C = Spawn XP percentage of total XP
 D = Spawn monster count
 E = Non-spawn monster count
 F = Spawn count percentage of total count
 G = Total turns spent on level
                    A         B        C        D         E        F      G
               +---------+---------+-------+---------+---------+-------+---------
         Total |       0 |      50 |   0.0 |       0 |      23 |   0.0 |   414
               +---------+---------+-------+---------+---------+-------+---------
           D:1 |       0 |      50 |   0.0 |       0 |      23 |   0.0 |   407
               +---------+---------+-------+---------+---------+-------+---------

Table legend:
 A = Turns spent in this place as a percentage of turns spent in the entire game.
 B = Non-inter-level travel turns spent in this place as a percentage of non-inter-level travel turns spent in the entire game.
 C = Inter-level travel turns spent in this place as a percentage of turns spent in this place.
 D = Turns resting spent in this place as a percentage of non-inter-level travel turns spent in this place.
 E = Turns spent auto-exploring this place as a percentage of non-inter-level travel turns spent in this place.
 F = Non-inter-level travel turns spent in this place divided by the number of levels of this place that you've seen.
                   A       B       C       D       E      F
               +-------+-------+-------+-------+-------+----------------------
         Total | 100.0 | 100.0 |   0.0 |   0.0 |   0.0 | 207.0
       Dungeon | 100.0 | 100.0 |   0.0 |   0.0 |   0.0 | 207.0
               +-------+-------+-------+-------+-------+----------------------

Table legend:
 A = Kills in this place as a percentage of kills in entire the game.
 B = Kills by you in this place as a percentage of kills by you in the entire game.
 C = Kills by friends in this place as a percentage of kills by friends in the entire game.
 D = Other kills in this place as a percentage of other kills in the entire game.
 E = Experience gained in this place as a percentage of experience gained in the entire game.
 F = Experience gained in this place divided by the number of levels of this place that you have seen.
                   A       B       C       D       E      F
               +-------+-------+-------+-------+-------+----------------------
         Total | 100.0 | 100.0 | 100.0 |   N/A | 100.0 |  25.0
       Dungeon | 100.0 | 100.0 | 100.0 |   N/A | 100.0 |  25.0
               +-------+-------+-------+-------+-------+----------------------

Vault maps used:
D:1:      dpeg_arrival_arbitrary_b, minmay_pentomino_v4
D:2:      nicolae_gozag_zags_fifth_avenue, chequers_ecumenical_altar_island,
          first_ration
